 Dungeon Crawl Stone Soup version 0.19.1-1-g22dce08 (webtiles) character file.

80 ponk the Shield-Bearer (level 4, -1/36 HPs)
             Began as a Human Fighter on Jan 9, 2017.
             Was an Initiate of Makhleb.
             Slain by Natasha (5 damage)
             ... on level 3 of the Dungeon.
             The game lasted 00:09:57 (1938 turns).

ponk the Shield-Bearer (Human Fighter)              Turns: 1938, Time: 00:10:00

Health: -1/36      AC:  9    Str: 22    XL:     4   Next: 65%
Magic:  4/4        EV:  8    Int:  8    God:    Makhleb [......]
Gold:   90         SH:  9    Dex: 13    Spells: 1 memorised, 2 levels left

rFire  . . .     SeeInvis .     a - +0 long sword
rCold  . . .     Gourm    +     b - +0 scale mail
rNeg   . . .     Faith    .     c - +0 shield
rPois  .         Spirit   .     (no helmet)
rElec  .         Reflect  .     e - +0 cloak
rCorr  .         Harm     .     g - +0 pair of gloves
MR     .....                    (no boots)
Stlth  ..........               i - amulet of the gourmand
                                (no ring)
                                (no ring)

@: mighty, slowed, very slow
A: no striking features
a: Renounce Religion


You were on level 3 of the Dungeon.
You worshipped Makhleb.
Makhleb was noncommittal.
You were very full.

You visited 1 branch of the dungeon, and saw 3 of its levels.

You collected 90 gold pieces.

Inventory:

Hand Weapons
 a - a +0 long sword (weapon)
Armour
 b - a +0 scale mail (worn)
 c - a +0 shield (worn)
 e - a +0 cloak (worn)
 g - a +0 pair of gloves (worn)
Jewellery
 i - an amulet of the gourmand (around neck)
Scrolls
 h - a scroll of noise
 n - a scroll of amnesia
 p - a scroll of magic mapping
 r - a scroll of blinking
 v - a scroll of remove curse
Potions
 d - a potion of might
 j - a potion of curing
 m - a potion of cure mutation {unknown}
 o - 2 potions of berserk rage {unknown}
 q - a potion of degeneration {unknown}
 s - 2 potions of lignification {unknown}
Books
 l - Vehumet's Handbook of Blows and Bruises
   (You found it on level 2 of the Dungeon)

   Spells                             Type                      Level
   a - Magic Dart                     Conjuration                  1
Comestibles
 f - 3 bread rations
 t - 3 fruits
 u - a meat ration


   Skills:
 + Level 3.6 Fighting
 + Level 2.3 Long Blades
 + Level 3.5 Armour
 + Level 1.0 Dodging
 + Level 3.7 Shields


You had 2 spell levels left.
You knew the following spells:

 Your Spells              Type           Power        Failure   Level  Hunger
a - Magic Dart            Conj           #...         100%        1    ##.....


Dungeon Overview and Level Annotations

Branches:
Dungeon (3/15)

Altars:
Kikubaaqudgha
Makhleb
Sif Muna
Vehumet

Annotations:
D:3 Natasha


Message History

Natasha claws you.
* * * LOW HITPOINT WARNING * * *
Natasha claws you but does no damage.
Natasha stares at you and mumbles some strange words.
The magic dart hits you!
* * * LOW HITPOINT WARNING * * *
There is an open door here.
You feel better.
Natasha casts a spell.
You feel very mighty all of a sudden.
The crimson imp disappears in a puff of smoke!
Natasha completely misses you. You block the shadow imp's attack.
You closely miss Natasha.
Natasha is lightly wounded.
Natasha mumbles some strange words.
The shadow imp spits at you. The shadow imp hits you.
* * * LOW HITPOINT WARNING * * *
Natasha claws you.
You die...

....##......##.# #.# #.
....##......##.# #.# #.
..).##.........# ##.####### #.
...########'#### #........# #.
#..# ##...## ##...####.# #. ...#
##.....## #......##.# #. #.##
##.......####...#.##.# #.
...####........5###.....##.#####.
......+........5@hK5.(........)..
...####.........###........######
#.## ##.......###........## # #.#
##.....## #.####.#.# # #.#
##...## #.# ##.#.# # #.## ##'##
#(###....# # ...###### #.#
#.##..#..# # ........# #.#
#.##.....# .....##.###.##
#.##.###.#


You could see Natasha, a crimson imp, 2 shadow imps and a kobold.

Vanquished Creatures
  2 adders (D:2)
  2 oozes (D:2)
  A dart slug (D:1)
  A leopard gecko (D:1)
  An orc (D:3)
  6 bats
  2 giant cockroaches
  2 goblins
  7 hobgoblins
  5 jackals
  8 kobolds
  A ball python (D:1)
  3 frilled lizards
  6 rats
  2 bushes (D:1)
  2 plants (D:1)
51 creatures vanquished.

Vanquished Creatures (others)
  A plant (D:1)
1 creature vanquished.

Grand Total: 52 creatures vanquished

Notes
Turn   | Place    | Note
-------+----------+-------------------------------------------
     0 | D:1      | ponk the Human Fighter began the quest for the Orb.
     0 | D:1      | Reached XP level 1. HP: 18/18 MP: 1/1
   107 | D:1      | Reached XP level 2. HP: 23/24 MP: 2/2
   421 | D:1      | Reached XP level 3. HP: 29/29 MP: 3/3
   878 | D:2      | Found a deep blue altar of Sif Muna.
   879 | D:2      | Found an ancient bone altar of Kikubaaqudgha.
   879 | D:2      | Found a radiant altar of Vehumet.
   885 | D:2      | Identified Vehumet's Handbook of Blows and Bruises
   889 | D:2      | Learned a level 1 spell: Magic Dart
  1198 | D:2      | Found a burning altar of Makhleb.
  1203 | D:2      | Became a worshipper of Makhleb the Destroyer
  1232 | D:2      | Reached XP level 4. HP: 31/36 MP: 4/4
  1483 | D:2      | Reached skill level 1 in Dodging
  1905 | D:3      | Noticed Natasha
  1935 | D:3      | HP: 1/36 [Natasha/magic dart (6)]
  1938 | D:3      | Slain by Natasha

Skill      XL: |  1  2  3  4 |
---------------+-------------+-----
Dodging        | 1 |  1.0
Fighting       | |  3.6
Long Blades    | |  2.3
Armour         | |  3.5
Shields        | |  3.7

Action                   |  1- 3 |  4- 6 || total
-------------------------+-------+-------++-------
Melee: Long sword        |   316 |    48 ||   364
  Use: Scroll            |     3 |     3 ||     6
       Potion            |       |     2 ||     2
  Eat: Chunk             |    16 |     1 ||    17
       Bread ration      |     1 |       ||     1
Armor: Scale mail        |    77 |    31 ||   108
Dodge: Dodged            |    37 |    14 ||    51
Block: Shield            |    73 |    32 ||   105
       Rpst.: Long sword |    14 |     6 ||    20
